 Dungeon Crawl Stone Soup version 0.20-a0-1116-gaa52201 (webtiles) character file.

60 JeffiDaFish the Covered (level 4, -4/29 HPs)
             Began as a Gargoyle Fighter on May 7, 2017.
             Slain by Sigmund
             ... wielding a +0 scythe of flaming
              (7 damage)
             ... on level 3 of the Dungeon on May 8, 2017.
             The game lasted 00:11:28 (2070 turns).

JeffiDaFish the Covered (Gargoyle Fighter)          Turns: 2070, Time: 00:11:28

Health: -4/29      AC: 11    Str: 23 (25) XL:     4   Next: 6%
Magic:  4/4        EV:  9    Int:  7 (8)  God:
Gold:   118        SH:  0    Dex:  9 (10) Spells: 3/3 levels left

rFire    . . .     SeeInvis .   a - +0 flail
rCold    . . .     Gourm    .   c - +0 shield
rNeg     + + .     Faith    .   b - +0 scale mail
rPois    ∞         Spirit   .   (no helmet)
rElec    +         Reflect  .   (no cloak)
rCorr    .         Harm     .   e - +0 pair of gloves
MR       .....                  (no boots)
Stlth    ..........             l - amulet of inaccuracy (curse)
Regen    0.1/turn               g - +2 ring of evasion
MPRegen  0.1/turn               k - ring of positive energy

@: confused, mighty
A: negative energy resistance 1, electricity resistance, unbreathing,
petrification resistance, rot immunity, AC +3
a: no special abilities


You were on level 3 of the Dungeon.
You were not hungry.

You visited 1 branch of the dungeon, and saw 3 of its levels.

You collected 118 gold pieces.

Inventory:

Hand Weapons
 a - a +0 flail (weapon)
Armour
 b - a +0 scale mail (worn)
 c - a +0 shield (worn)
 e - a +0 pair of gloves (worn)
Jewellery
 g - a +2 ring of evasion (left hand)
 k - a ring of positive energy (right hand)
 l - a cursed amulet of inaccuracy (around neck)
Scrolls
 i - 3 scrolls of teleportation
 j - a scroll of identify
Potions
 d - 2 potions of might
 n - a potion of agility
Comestibles
 f - 3 bread rations
 h - a meat ration
 m - a chunk of flesh


   Skills:
 + Level 3.7 Fighting
 + Level 2.6 Maces & Flails
 + Level 4.0 Armour
 + Level 0.1 Dodging
 + Level 3.8 Shields


You had 3 spell levels left.
You didn't know any spells.

Dungeon Overview and Level Annotations

Branches:
Dungeon (3/15)

Altars:
Ashenzari

Annotations:
D:3 Sigmund


Innate Abilities, Weirdness & Mutations

You are resistant to torment.
Your stone body is resilient. (AC +3)
You are immune to poison.
You resist negative energy. (rN+)
You are resistant to electric shocks. (rElec)
You can survive without breathing.
You are immune to petrification.
You are immune to rotting.


Message History

Deactivating autopickup; reactivate with Ctrl-A.
A magic dart appears from out of thin air!
The magic dart hits you!
You feel very mighty all of a sudden. Something hits you. Something burns you.
The worm closely misses you.
You sock the worm!
The worm is heavily wounded.
Something hits you! Something burns you.
You sock the worm!
You kill the worm!
You hear some strange, mumbled words.
You are confused.
Something hits you!
* * * LOW HITPOINT WARNING * * *
Something burns you.
* * * LOW HITPOINT WARNING * * *
You miss something.
Okay, then.
You bump into the rock wall.
Something hits you!
You die...

.....#.# #.# ####.#.####
#.# .#
#.#....######.#######
.###.#....'..>..........
.....#....###.(.........
.#####.##.# ####.###### .#
###+##'######.# .#
#..........##.# .#
#..........##@# #### .#
#..........##{# .....
'###..........##.####......
....##'#............'w.....
....##.#.........####......
..<.##.#.........# .....
....'..##+####...# ....
....#### #...# ### ....#
#...#


There were no monsters in sight!

Vanquished Creatures
  An adder (D:2)
  A worm (D:3)
  A dart slug (D:1)
  2 leopard geckos
  3 bats
  4 giant cockroaches
  9 goblins
  7 hobgoblins
  5 frilled lizards
  2 kobolds
  7 rats
42 creatures vanquished.

Notes
Turn   | Place    | Note
-------+----------+-------------------------------------------
     0 | D:1      | JeffiDaFish the Gargoyle Fighter began the quest for the Orb.
     0 | D:1      | Reached XP level 1. HP: 14/14 MP: 1/1
   112 | D:1      | Reached XP level 2. HP: 15/19 MP: 2/2
   595 | D:1      | Reached XP level 3. HP: 23/23 MP: 3/3
  1564 | D:2      | Reached skill level 4 in Armour
  1603 | D:2      | Found a shattered altar of Ashenzari.
  2025 | D:3      | Reached XP level 4. HP: 29/29 MP: 4/4
  2050 | D:3      | Noticed Sigmund
  2070 | D:3      | Slain by Sigmund

Vault maps used:
D:1:      roderic_chinese_lattice_arrival
D:2:      wad_crossroads, nicolae_ashenzari_panopticon
D:3:      first_bread, uniq_grinder, uniq_sigmund

Skill      XL: |  1  2  3 |
---------------+----------+-----
Armour         | 4 |  4.0
Fighting       | |  3.7
Maces & Flails | |  2.6
Dodging        | |  0.1
Shields        | |  3.8

Action                   |  1- 3 |  4- 6 || total
-------------------------+-------+-------++-------
Melee: Flail             |   166 |     3 ||   169
  Use: Scroll            |     6 |       ||     6
       Potion            |     4 |     1 ||     5
  Eat: Chunk             |     4 |       ||     4
Armor: Scale mail        |    83 |       ||    83
Dodge: Dodged            |    56 |     1 ||    57
Block: Shield            |    77 |       ||    77
